 Dungeon Crawl Stone Soup version 0.30.0 (webtiles) character file.

Game seed: 9849059396963715973

29 Dani the Chopper (level 3, -1/29 HPs)
             Began as a Demonspawn Fighter on May 19, 2023.
             Slain by a scorpion (5 damage)
             ... on level 4 of the Dungeon.
             The game lasted 00:01:35 (453 turns).

Dani the Chopper (Demonspawn Fighter)                Turns: 453, Time: 00:01:36

Health: -1/29      AC:  7    Str: 16    XL:     3   Next: 1%
Magic:  3/3        EV:  8    Int: 11    God:
Gold:   10         SH:  4    Dex: 12    Spells: 2/2 levels left

rFire   . . .        a - +0 war axe
rCold   . . .        c - +0 buckler
rNeg    . . .        b - +0 scale mail
rPois   .            (no helmet)
rElec   .            f - +0 cloak
rCorr   .            (no gloves)
SInv    .            (no boots)
Will    .....        (no amulet) Stlth
                     (no ring)
HPRegen 0.24/turn    (no ring)
MPRegen 0.08/turn

%: no passive effects
@: no status effects
A: claws 1, spiny 1
a: no special abilities


You were on level 4 of the Dungeon.
You visited 1 branch of the dungeon, and saw 4 of its levels.

You collected 10 gold pieces.

Inventory:

Hand Weapons
 a - a +0 war axe (weapon)
Armour
 b - a +0 scale mail (worn)
 c - a +0 buckler (worn)
 f - a +0 cloak (worn)
   (You found it on level 2 of the Dungeon)
Scrolls
 e - a scroll of magic mapping {unknown}
 g - a scroll of silence {unknown}
Potions
 d - a potion of might
 h - a potion of degeneration {unknown}


   Skills:
 - Level 3.0 Fighting
 + Level 3.2 Axes
 - Level 2.6 Armour
 - Level 2.6 Shields


You had 2 spell levels left.
You didn't know any spells.
Your spell library contained the following spells:

 Spells                   Type           Power      Damage    Failure   Level
 Apportation              Tloc           0%         N/A       86%         1
 Necrotise                Necr           0%         1d4       86%         1
 Summon Small Mammal      Summ           0%         N/A       86%         1


Dungeon Overview and Level Annotations

Branches:
Dungeon (4/15)
 Temple: D:4-7

Altars:


Innate Abilities, Weirdness & Mutations

You have sharp fingernails.
You are partially covered in sharp spines.


Message History

You continue putting on your +0 cloak.
The frilled lizard hisses angrily.
You continue putting on your +0 cloak.
The ball python bites you but does no damage.
The ball python barely misses you.
You finish putting on your +0 cloak.
You slash the ball python!
You kill the ball python!
You see here a ball python corpse.
The frilled lizard misses you.
You miss the frilled lizard. You block the frilled lizard's attack.
The frilled lizard bites you but does no damage.
You miss the frilled lizard. You block the frilled lizard's attack.
You hit the frilled lizard but do no damage.
You block the frilled lizard's attack. The frilled lizard barely misses you.
You closely miss the frilled lizard. The frilled lizard closely misses you.
You miss the frilled lizard. The frilled lizard barely misses you.
You hit the frilled lizard.
You kill the frilled lizard!
No target in view!
No target in view!
g - a scroll labelled BITIJO HUBODE
There is a stone staircase leading down here.
Unknown command.
You climb downwards.
There is a stone staircase leading up here.
Key pressed, stopping explore.
Key pressed, stopping explore.
Key pressed, stopping explore.
Key pressed, stopping explore.
Key pressed, stopping explore.
Key pressed, stopping explore.
Key pressed, stopping explore.
Key pressed, stopping explore.
Key pressed, stopping explore.
Key pressed, stopping explore.
Found a stone staircase leading down.
Found a stone staircase leading up.
h - a brown potion An adder comes into view.
Found 5 stones and 7 gold pieces.
The adder hisses angrily.
An adder is nearby!
An adder is nearby!
Unknown command.
There is a stone staircase leading down here.
You climb downwards.
There is a stone staircase leading up here.
Key pressed, stopping explore.
Found a stone staircase leading down.
An adder comes into view.
Found a halberd.
The adder hisses angrily.
An adder is nearby!
An adder is nearby!
An adder is nearby!
The adder bites you but does no damage.
There is a stone staircase leading down here.
You closely miss the adder. You block the adder's attack.
You miss the adder. The adder closely misses you. You block the adder's attack.
You barely miss the adder. You block the adder's attack.
A scorpion comes into view.
The adder bites you but does no damage.
You slash the adder!
You kill the adder!
Your Axes skill increases to level 3!
You have reached level 3!
Your experience leads to an increase in your attributes!
Increase (S)trength, (I)ntelligence, or (D)exterity?
You feel clever. x2; Your demonic ancestry asserts itself...
Sharp spines emerge from parts of your body.
You hit the scorpion but do no damage. The scorpion stings you.
You are poisoned.
The scorpion poisons you!
The scorpion stings you but does no damage.
You barely miss the scorpion.
You feel very sick. The scorpion closely misses you.
You barely miss the scorpion.
You feel sick. The scorpion closely misses you. The scorpion stings you.
* * * LOW HITPOINT WARNING * * *
You slash the scorpion!
The scorpion is heavily wounded.
You feel sick. You block the scorpion's attack. The scorpion barely misses you.
You hit the scorpion.
The scorpion is severely wounded.
You feel sick. The scorpion stings you.
* * * LOW HITPOINT WARNING * * *
You completely miss the scorpion.
The scorpion is severely wounded.
You feel sick.
The scorpion stings you but does no damage. x2
You barely miss the scorpion.
The scorpion is severely wounded.
You feel sick.
You are no longer poisoned.
The scorpion stings you.
* * * LOW HITPOINT WARNING * * *
The scorpion is struck by your spines. The scorpion stings you.
You die...

# ##.###
########......
#.........##
#.####@s...+
###.##.#).#.##
#......#..# #
#......#..#
##.#####..#
#<...# ...#
##.#.# #.##
#.#.# #.#
#.#.#


You could see a scorpion.

Vanquished Creatures
  2 adders
  3 ball pythons
  A hobgoblin (D:1)
  A quokka (D:1)
  4 bats
  A frilled lizard (D:2)
  2 kobolds
14 creatures vanquished.

Notes
Turn   | Place    | Note
-------+----------+-------------------------------------------
     0 | D:1      | Dani the Demonspawn Fighter began the quest for the Orb.
     0 | D:1      | Reached XP level 1. HP: 18/18 MP: 1/1
    94 | D:1      | Reached skill level 2 in Axes
   150 | D:1      | You fall into a shaft and drop 1 floor!
   168 | D:2      | Gained mutation: You have sharp fingernails. [demonic
                  | ancestry]
   168 | D:2      | Reached XP level 2. HP: 23/24 MP: 2/2
   179 | D:2      | Found a faded altar of an unknown god.
   445 | D:4      | Noticed a scorpion
   447 | D:4      | Reached skill level 3 in Axes
   447 | D:4      | Gained mutation: You are partially covered in sharp spines.
                  | [demonic ancestry]
   447 | D:4      | Reached XP level 3. HP: 29/29 MP: 3/3
   453 | D:4      | HP: 4/29 [scorpion (6)]
   453 | D:4      | Slain by a scorpion

Illustrated notes

Levels and vault maps discovered:
D:1:      dpeg_arrival_snail, layout_loops_ring, chequers_avenue, minivault_11,
          minmay_tall_x
D:2:      layout_loops_ring, chequers_ecumenical_altar_simple_redux,
          uniq_terence, uniq_crazy_yiuf_cottage
D:3:      layout_basic, minmay_joined_circles, uniq_jessica, uniq_ijyb
D:4:      layout_basic, cheibriados_altar_1, nicolae_overflow_crystal_walls,
          serial_shops, kennysheep_little_box

Skill      XL: |  1  2 |
---------------+-------+-----
Axes           | 2 3 |  3.2
Fighting       | |  3.0
Armour         | |  2.6
Shields        | |  2.6

Action                     || total
---------------------------++-------
  Melee: War axe           ||    45
 Armour: Scale mail        ||    21
  Dodge: Dodged            ||    26
  Block: Buckler           ||    17

Levels and vault maps discovered:
D:1:      dpeg_arrival_snail, layout_loops_ring, chequers_avenue, minivault_11,
          minmay_tall_x
D:2:      layout_loops_ring, chequers_ecumenical_altar_simple_redux,
          uniq_terence, uniq_crazy_yiuf_cottage
D:3:      layout_basic, minmay_joined_circles, uniq_jessica, uniq_ijyb
D:4:      layout_basic, cheibriados_altar_1, nicolae_overflow_crystal_walls,
          serial_shops, kennysheep_little_box

Table legend: (Time is in decaauts)
 A = Elapsed time spent in this place.
 B = Non-inter-level travel time spent in this place.
 C = Inter-level travel time spent in this place.
 D = Time resting spent in this place.
 E = Time spent auto-exploring this place.
 F = Levels seen in this place.
 G = Mean time per level.
                   A        B        C        D        E       F      G
               +--------+--------+--------+--------+--------+-----+--------+
         Total |    470 |    470 |      0 |     19 |    288 |   4 |  117.5 |
       Dungeon |    470 |    470 |      0 |     19 |    288 |   4 |  117.5 |
               +--------+--------+--------+--------+--------+-----+--------+

Top non-repeatable levels by time:
     D:2: 178 daAuts
     D:1: 154 daAuts
     D:3: 104 daAuts
     D:4: 32 daAuts

Table legend:
 A = Kills in this place as a percentage of kills in the entire game.
 B = Kills by you in this place as a percentage of kills by you in the entire game.
 C = Kills by friends in this place as a percentage of kills by friends in the entire game.
 D = Other kills in this place as a percentage of other kills in the entire game.
 E = Experience gained in this place as a percentage of experience gained in the entire game.
 F = Experience gained in this place divided by the number of levels of this place that you have seen.
                   A       B       C       D       E      F
               +-------+-------+-------+-------+-------+----------------------
         Total | 100.0 | 100.0 |   N/A |   N/A | 100.0 |  10.5
       Dungeon | 100.0 | 100.0 |   N/A |   N/A | 100.0 |  10.5
               +-------+-------+-------+-------+-------+----------------------
